 Dungeon Crawl Stone Soup version 0.23.2-1-ga50397a (webtiles) character file.

Game seed: 13799273689975355710

30 Iscandelvey the Vexing (level 3, 18/26 HPs)
             Began as a Demonspawn Arcane Marksman on Apr 17, 2019.
             Quit the game on level 2 of the Dungeon.
             The game lasted 00:00:25 (223 turns).

Iscandelvey the Vexing (Demonspawn Arcane Marksman)  Turns: 223, Time: 00:00:25

Health: 18/26      AC:  2    Str: 10    XL:     3   Next: 3%
Magic:  4/4        EV: 12    Int: 15    God:
Gold:   32         SH:  0    Dex: 13    Spells: 3/4 levels left

rFire    + . .     SeeInvis .   a - +0 hand crossbow
rCold    . . .     Gourm    .   (no shield)
rNeg     . . .     Faith    .   e - +0 robe
rPois    .         Spirit   .   (no helmet)
rElec    .         Reflect  .   (no cloak)
rCorr    .         Harm     .   (no gloves)
MR       .....                  (no boots)
Stlth    +.........             (no amulet)
HPRegen  0.08/turn              (no ring)
MPRegen  0.09/turn              (no ring)

@: no status effects
A: hooves 1, fire resistance 1
a: no special abilities


You were on level 2 of the Dungeon.
You were not hungry.

You visited 1 branch of the dungeon, and saw 2 of its levels.

You collected 32 gold pieces.

Inventory:

Hand Weapons
 a - a +0 hand crossbow (weapon)
Missiles
 d - 14 bolts (quivered)
Armour
 e - a +0 robe (worn)
Jewellery
 i - an uncursed ring of protection from magic {unknown}
Scrolls
 b - a scroll of enchant armour {unknown}
 c - a scroll of fog {unknown}
 h - a scroll of remove curse {unknown}
 j - 2 scrolls of identify {unknown}
Potions
 g - a potion of curing {unknown}
 k - a potion of resistance {unknown}
 l - a potion of lignification {unknown}
 m - a potion of might {unknown}
Comestibles
 f - 2 rations


   Skills:
 + Level 1.1 Fighting
 + Level 2.5 Crossbows
 + Level 1.8 Dodging
 + Level 0.1 Stealth
 + Level 1.0 Spellcasting
 + Level 3.6 Hexes


You had 3 spell levels left.
You knew the following spells:

 Your Spells              Type           Power        Failure   Level  Hunger
a - Corona                Hex            ##.....      5%          1    ##.....

Your spell library contained the following spells:

 Spells                   Type           Power        Failure   Level  Hunger
 Slow                     Hex            ##......     9%          2    ###....
 Inner Flame              Hex/Fire       #.......     34%         3    ####...
 Portal Projectile        Hex/Tloc       #.....       34%         3    ####...
 Cause Fear               Hex            ##........   50%         4    #####..
 Leda's Liquefaction      Hex/Erth       #.........   75%         4    #####..


Dungeon Overview and Level Annotations

Branches:
Dungeon (1/15)

Altars:


Innate Abilities, Weirdness & Mutations

You have large cloven feet.
Your flesh is heat resistant. (rF+)


Message History

The adder is moderately wounded.
There are monsters nearby!
Firing (i - inventory)
d - 16 bolts (quivered)
Press: ? - help, Shift-Dir - straight line, f/p - adder
Aim: an adder (moderately wounded)
You shoot a bolt. The bolt hits the adder!
The adder is almost dead.
There are monsters nearby!
Firing (i - inventory)
d - 15 bolts (quivered)
Press: ? - help, Shift-Dir - straight line, f/p - adder
Aim: an adder (almost dead)
You shoot a bolt. The bolt hits the adder!
You kill the adder!
You have reached level 3!
Your experience leads to an increase in your attributes!
Increase (S)trength, (I)ntelligence, or (D)exterity?
You feel clever.
Your demonic ancestry asserts itself...
Your feet thicken and deform.
The bat misses you.
Are you sure you want to abandon this character and quit the game? (Confirm with "yes".)

.. ##### ........
...####..[...>. #..#..
....... #....# .......
#.#..# .b..>..
#####.##.##.....(.
##.........#...(...
#...#.#.#.#@.(.....
##............#####
#.#.#.#.#.#..##
##.............# .
#.#.#.#.#.#.#..#
.#####...†..........#
....#.#†#.#.#.#.#.#.#
.........(..........##
##..#..#.#.#.#.#.#...#


You could see a bat.

Vanquished Creatures
  2 adders (D:2)
  A dart slug (D:1)
  2 goblins (D:1)
  2 hobgoblins
  A frilled lizard (D:1)
  4 rats
12 creatures vanquished.

Notes
Turn   | Place    | Note
-------+----------+-------------------------------------------
     0 | D:1      | Iscandelvey the Demonspawn Arcane Marksman began the quest
                  | for the Orb.
     0 | D:1      | Reached XP level 1. HP: 15/15 MP: 2/2
   127 | D:1      | Gained mutation: Your flesh is heat resistant. (rF+)
                  | [demonic ancestry]
   127 | D:1      | Reached XP level 2. HP: 20/21 MP: 3/3
   142 | D:1      | You fall through a shaft!
   222 | D:2      | Gained mutation: You have large cloven feet. [demonic
                  | ancestry]
   222 | D:2      | Reached XP level 3. HP: 17/26 MP: 4/4
   223 | D:2      | Quit the game

Skill      XL: |  1 |
---------------+----+-----
Crossbows      | 2 |  2.5
Fighting       | |  1.1
Dodging        | |  1.8
Stealth        | |  0.1
Spellcasting   | |  1.0
Hexes          | |  3.6

Action                   || total
-------------------------++-------
 Fire: Hand crossbow     ||    27
Armor: Robe              ||     1
Dodge: Dodged            ||     2
